 Dungeon Crawl Stone Soup version 0.27.1-33-g824d729ab1 (webtiles) character file.

Game seed: 12882958703032813545

22339 unlimited1921 the Cleaver (level 12, 0/122 HPs)
             Began as a Troll Fighter on Dec 27, 2021.
             Was an Initiate of Gozag.
             Slain by an eleionoma (19 damage)
             ... on level 1 of the Swamp.
             The game lasted 02:17:49 (14684 turns).

unlimited1921 the Cleaver (Troll Fighter)          Turns: 14684, Time: 02:17:50

Health: 0/122      AC:  5    Str: 40    XL:     12   Next: 62%
Magic:  11/11      EV: 10    Int:  4    God:    Gozag
Gold:   1454       SH: 21    Dex: 12    Spells: 11/11 levels left

rFire    + . .     SeeInvis .   M - +4 war axe "Digadi" {protect, rPois Str+3 Dex+3}
rCold    . . .     Faith    .   c - +4 kite shield
rNeg     . . .     Spirit   .   Q - +1 robe {rF+}
rPois    +         Reflect  +   (helmet restricted)
rElec    .         Harm     .   (no cloak)
rCorr    .         Rampage  .   (gloves unavailable)
Will     .....                  (boots unavailable)
Stlth    ++........             i - amulet of reflection
HPRegen  1.30/turn              b - ring of poison resistance
MPRegen  0.12/turn              F - +6 ring of strength

@: no status effects
A: large, unfitting armour, claws 3, regeneration 1, shaggy fur 1, tough skin 1
a: Renounce Religion, Potion Petition, Call Merchant, Bribe Branch


You were on level 1 of the Swamp.
You worshipped Gozag.
Gozag was most pleased with you.
You visited 4 branches of the dungeon, and saw 13 of its levels.

You collected 2514 gold pieces.
You spent 1011 gold pieces at shops.
You paid 49 gold pieces to Gozag.

Inventory:

Hand Weapons
 a - a +1 long sword
 n - the +2 broad axe of Extremism {vorpal, rF++ Will+ Dex-3}
   (You found it on level 4 of the Dungeon)

   It inflicts extra damage upon your enemies.
   Dex:       It affects your dexterity (-3).
   rF:        It greatly protects you from fire.
   Will:      It increases your willpower.
 A - a +1 mace of draining
 D - a +2 hand axe of flaming
 E - a +1 shortbow of freezing
 I - a +1 trident of venom
 J - a +0 halberd of protection
 L - a +0 short sword of venom
 M - the +4 war axe "Digadi" (weapon) {protect, rPois Str+3 Dex+3}
   (You bought it in a shop on level 2 of the Dungeon)

   It grants its wielder temporary protection when it strikes (+7 to AC).
   Str:       It affects your strength (+3).
   Dex:       It affects your dexterity (+3).
   rPois:     It protects you from poison.
 R - a +2 hand axe of freezing
 Y - the +6 short sword of Uskayaw's Esteem {venom, Str+4}
   (You found it on level 1 of the Lair of Beasts)

   It poisons the flesh of those it strikes.
   Str:       It affects your strength (+4).
Missiles
 f - 64 bolts
 l - 9 boomerangs (quivered)
 z - 2 throwing nets
 H - 4 curare-tipped darts
 O - 110 arrows
 X - 7 javelins
Armour
 c - a +4 kite shield (worn)
 Q - a +1 robe of fire resistance (worn)
 W - a +1 robe of willpower
Jewellery
 b - a ring of poison resistance (left claw)
 i - an amulet of reflection (around neck)
 C - a ring of positive energy
 F - a +6 ring of strength (right claw)
 G - a +6 ring of dexterity
Wands
 h - a wand of mindburst (2)
 y - a wand of acid (6)
 N - a wand of iceblast (7)
Scrolls
 e - 3 scrolls of magic mapping
 m - a scroll of brand weapon
 o - a scroll of silence
 r - a scroll of summoning
 t - a scroll of enchant weapon
 u - a scroll of amnesia
 w - 2 scrolls of fog
 B - 2 scrolls of immolation
 K - a scroll of identify
 T - 3 scrolls of teleportation
Potions
 d - 3 potions of might
 g - 6 potions of curing
 j - a potion of brilliance
 k - 2 potions of haste
 p - a potion of mutation
 q - a potion of resistance
 v - a potion of berserk rage
 x - a potion of attraction
 S - a potion of lignification
Miscellaneous
 V - a lightning rod (4/4)


   Skills:
 + Level 8.3 Fighting
 - Level 6.4 Long Blades
 * Level 10.9(11.0) Axes
 - Level 0.7(7.6) Maces & Flails
 - Level 0.6(7.0) Polearms
 - Level 5.2 Throwing
 - Level 5.5 Dodging
 - Level 1.0 Stealth
 - Level 6.0 Shields
 * Level 3.7 Evocations


You had 11 spell levels left.
You didn't know any spells.
Your spell library contained the following spells:

 Spells                   Type           Power      Damage    Failure   Level
 Corona                   Hex            0%         N/A       73%         1
 Shock                    Conj/Air       0%         1d3       73%         1
 Ensorcelled Hibernation  Hex/Ice        0%         N/A       86%         2
 Passwall                 Tmut/Erth      0%         N/A       86%         2
 Sublimation of Blood     Necr           0%         N/A       86%         2
 Frozen Ramparts          Ice            0%         1d2       97%         3
 Swiftness                Air            0%         N/A       97%         3
 Tukima's Dance           Hex            0%         N/A       97%         3
 Airstrike                Air            0%         N/A       100%        4
 Ice Form                 Ice/Tmut       0%         N/A       100%        4
 Petrify                  Tmut/Erth      0%         N/A       100%        4
 Summon Ice Beast         Ice/Summ       0%         N/A       100%        4
 Irradiate                Conj/Tmut      0%         3d14      100%        5
 Invisibility             Hex            0%         N/A       100%        6


Dungeon Overview and Level Annotations

Branches:
Dungeon (9/15)             Temple (1/1) D:4            Lair (2/6) D:9
  Swamp (1/4) Lair:2
  Snake: Lair:2-4    Spider: Lair:2-4       Orc: D:9-12

Altars:
Ashenzari
Cheibriados
Dithmenos
Elyvilon
Fedhas
Gozag
Hepliaklqana
Kikubaaqudgha
Makhleb
Nemelex Xobeh
Okawaru
Qazlal
Ru
Sif Muna
Trog
Uskayaw
Vehumet
Wu Jian
Xom
Yredelemnul
Zin
The Shining One

Shops:
D:1 *   D:2 *   D:4 !


Innate Abilities, Weirdness & Mutations

You are too large for most types of armour.
You have claws for hands.
Your natural rate of healing is unusually fast.
You are covered in fur. (AC +1)
You have tough skin. (AC +1)


Message History

The eleionoma hits you!
You miss the tyrant leech.
The tyrant leech is severely wounded.
You barely miss the eleionoma. You block the tyrant leech's attack.
The eleionoma hits you!
You hit the tyrant leech.
The tyrant leech is almost dead.
You hit the eleionoma but do no damage. The tyrant leech barely misses you.
The eleionoma hits you!
The eleionoma hurls a spray of splinters at you.
The spray of wooden splinters hits you.
Things that are here:
a +0 rapier; a +0 robe; a +0 buckler You are too injured to fight recklessly!
A swamp worm comes into view.
Found 18 gold pieces.
You closely miss the tyrant leech.
The tyrant leech is almost dead.
The eleionoma flows through the trees.
The tyrant leech closely misses you.
The swamp worm fires a harpoon shot at you.
The harpoon shot hits you!
You are yanked forward by the harpoon shot.
You violently stop moving!
The eleionoma hits you!
* * * LOW HITPOINT WARNING * * *
The swamp worm fires a harpoon shot at you.
The harpoon shot hits you.
* * * LOW HITPOINT WARNING * * *
You are yanked forward by the harpoon shot.
You violently stop moving!
* * * LOW HITPOINT WARNING * * *
There is a staircase back to the Lair, spattered with blood here.
As you read the scroll of fear, it crumbles to dust.
You assume a fearsome visage.
The eleionoma resists with almost no effort.
The swamp worm looks frightened!
The tyrant leech looks frightened!
You block the eleionoma's attack.
You feel better. You block the eleionoma's attack. The eleionoma hits you!!
You die...
Your body crumbles into a pile of gold.

≈♣♣.≈≈.$≈≈§. ..≈≈≈≈.
(..♣.......≈≈≈. ♣..≈.
≈)≈..≈≈≈≈≈..≈.♣ ♣...♣
♣..≈≈≈≈≈≈≈≈.w♣♣ ♣...♣♣
♣≈.≈≈≈≈≈≈≈≈.♣§♣♣ ♣♣♣....
♣.≈≈≈≈≈≈≈≈≈..≈§♣ ♣.....≈
≈.≈≈≈≈≈≈≈≈≈...♣ ♣.≈§≈.≈
≈.≈≈≈≈≈.≈≈..≈≈♣♣♣♣R)§≈..
....≈≈.@.w.≈.♣.♣...)..≈≈
♣≈♣....R.........≈....♣♣
♣♣♣♣....≈..≈.≈.♣♣§.♣♣
♣♣♣♣..§≈≈.≈♣♣♣♣♣♣
♣♣≈..≈..♣♣♣ ♣..≈.≈.♣♣
♣♣...≈.♣ ♣≈.≈.≈♣ ♣♣...♣♣


You could see an eleionoma, a tyrant leech (fleeing) and a swamp worm (fleeing).

Vanquished Creatures
  An eleionoma (Swamp:1)
  Harold (Lair:2)
  5 hydras
  3 death yaks (Lair:2)
  Urug (Lair:2)
  A spriggan druid (Swamp:1)
  Joseph (D:8)
  A black mamba (Lair:2)
  6 cane toads
  A rime drake (Lair:2)
  2 komodo dragons (Lair:2)
  2 trolls (D:9)
  3 meliai
  2 tyrant leeches (Lair:2)
  2 hornets
  A slime creature (D:5)
  A wyvern (D:9)
  3 spriggans (Swamp:1)
  A vampire (D:8)
  17 yaks
  Grum (D:9)
  A basilisk (Lair:1)
  2 steam dragons
  5 swamp worms
  5 water moccasins
  A sky beast (D:5)
  2 ice beasts (D:6)
  2 orc warriors
  A necrophage (D:7)
  A black bear (Lair:1)
  An ogre (D:6)
  7 wolves (D:9)
  3 centaurs
  5 bullfrogs
  5 kobold brigands
  2 gnoll sergeants (D:6)
  2 scorpions
  A water moccasin zombie (D:5)
  2 water moccasin skeletons
  7 killer bees
  2 howler monkeys
  5 electric eels
  2 centaur zombies
  5 hounds
  5 jellies
  7 orc priests
  3 bullfrog skeletons
  8 orc wizards
  4 iguanas
  A scorpion zombie (D:5)
  2 hound skeletons (D:4)
  5 adders
  7 gnolls (D:6)
  2 howler monkey skeletons
  A shadow imp (D:7)
  3 white imps
  2 ufetubi
  An adder zombie (D:5)
  An adder skeleton (D:4)
  5 worms
  3 dart slugs
  51 orcs
  8 bats
  10 endoplasms
  5 giant cockroaches
  7 goblins
  7 hobgoblins
  8 jackals
  16 kobolds
  3 quokkas
  A ball python (D:4)
  4 frilled lizards
  5 rats
310 creatures vanquished.

Vanquished Creatures (others)
  Psyche (D:8)
  A wolf (D:9)
  An orc wizard (D:5)
  12 fungi
  54 plants
  7 toadstools (D:5)
  12 withered plants (D:2)
88 creatures vanquished.

Grand Total: 398 creatures vanquished

Notes
Turn   | Place    | Note
-------+----------+-------------------------------------------
     0 | D:1      | unlimited1921 the Troll Fighter began the quest for the
                  | Orb.
     0 | D:1      | Reached XP level 1. HP: 22/22 MP: 0/0
    78 | D:1      | Reached XP level 2. HP: 29/29 MP: 1/1
   420 | D:1      | Reached XP level 3. HP: 32/36 MP: 2/2
   636 | D:1      | Found Ugid's General Store.
   766 | D:2      | Found a faded altar of an unknown god.
   857 | D:2      | Found Paimn's Assorted Antiques.
   868 | D:2      | Bought a scroll labelled ZEYSAHEUDU for 18 gold pieces
  1638 | D:3      | Reached XP level 4. HP: 44/44 MP: 3/3
  2116 | D:3      | Found a hazy altar of Hepliaklqana.
  2117 | D:3      | Found a shimmering blue altar of Sif Muna.
  2123 | D:3      | Reached XP level 5. HP: 53/53 MP: 4/4
  2152 | D:3      | Found a snail-covered altar of Cheibriados.
  2507 | D:4      | Identified the +2 broad axe of Extremism {vorpal, rF++
                  | Will+ Dex-3}
  2659 | D:4      | Reached skill level 1 in Throwing
  2659 | D:4      | Reached XP level 6. HP: 41/61 MP: 5/5
  2823 | D:4      | Found a staircase to the Ecumenical Temple.
  2831 | Temple   | Entered the Ecumenical Temple
  2897 | Temple   | Became a worshipper of Gozag Ym Sagoz the Greedy
  3048 | D:4      | Found Cowink's Distillery.
  3555 | D:5      | Entered Level 5 of the Dungeon
  3655 | D:5      | Found an ornate altar of the Wu Jian Council.
  3667 | D:5      | Reached XP level 7. HP: 67/67 MP: 6/6
  4049 | D:5      | Noticed a slime creature
  4066 | D:5      | Killed a slime creature
  4067 | D:5      | Reached XP level 8. HP: 79/79 MP: 7/7
  4590 | D:5      | Found a sacrificial altar of Ru.
  4956 | D:4      | Bought a potion of curing for 39 gold pieces
  4956 | D:4      | Bought a potion of curing for 39 gold pieces
  4956 | D:4      | Bought a potion of invisibility for 104 gold pieces
  5054 | D:6      | Reached skill level 5 in Fighting
  5111 | D:6      | Reached skill level 5 in Long Blades
  5291 | D:6      | Found a shimmering altar of Xom.
  5341 | D:6      | Reached XP level 9. HP: 88/88 MP: 8/8
  5576 | D:7      | Reached skill level 5 in Shields
  6259 | D:8      | Noticed Psyche
  6266 | D:8      | Killed Psyche
  7135 | D:8      | Noticed Joseph
  7153 | D:8      | Reached skill level 5 in Throwing
  7153 | D:8      | Reached skill level 5 in Dodging
  7203 | D:8      | Killed Joseph
  7345 | D:8      | Reached XP level 10. HP: 98/98 MP: 9/9
  8018 | D:8      | Reached skill level 1 in Stealth
  8698 | D:4      | You fall into a shaft and drop 1 floor!
  9200 | D:1      | Bought a scroll of identify for 22 gold pieces
  9200 | D:1      | Bought a potion of heal wounds for 55 gold pieces
  9200 | D:1      | Bought a scroll of identify for 22 gold pieces
  9200 | D:1      | Bought a potion of haste for 110 gold pieces
  9200 | D:1      | Bought a wand of acid (9) for 286 gold pieces
  9223 | D:1      | Bought a scroll of identify for 22 gold pieces
  9223 | D:1      | Bought a scroll of identify for 22 gold pieces
  9223 | D:1      | Bought a scroll of identify for 22 gold pieces
  9223 | D:1      | Bought a scroll of identify for 22 gold pieces
  9275 | D:2      | Bought a dazzling war axe for 153 gold pieces
  9275 | D:2      | Identified the +4 war axe "Digadi" {protect, rPois Str+3
                  | Dex+3} (You bought it in a shop on level 2 of the Dungeon)
  9275 | D:2      | Bought a scroll of identify for 36 gold pieces
  9387 | D:4      | Bought a potion of lignification for 39 gold pieces
  9579 | D:9      | Reached skill level 1 in Axes
  9605 | D:9      | Reached skill level 2 in Axes
  9742 | D:9      | Found a staircase to the Lair.
  9773 | D:9      | Reached skill level 3 in Axes
 10270 | D:9      | Noticed Grum
 10280 | D:9      | Reached skill level 4 in Axes
 10986 | D:9      | Killed Grum
 11167 | D:9      | Reached skill level 5 in Axes
 11239 | Lair:1   | Entered Level 1 of the Lair of Beasts
 11257 | Lair:1   | Reached skill level 1 in Evocations
 11532 | Lair:1   | Identified the +6 short sword of Uskayaw's Esteem {venom,
                  | Str+4}
 11914 | Lair:2   | Noticed a six-headed hydra
 11916 | Lair:2   | Noticed an eight-headed hydra
 11917 | Lair:2   | Noticed a cane toad
 11956 | Lair:1   | Killed a one-headed hydra
 11957 | Lair:1   | Reached skill level 6 in Axes
 11957 | Lair:1   | Reached XP level 11. HP: 67/109 MP: 10/10
 12200 | Lair:1   | Killed a one-headed hydra
 12543 | Lair:2   | Noticed Harold
 12557 | Lair:2   | Killed Harold
 12558 | Lair:2   | Reached skill level 7 in Axes
 12657 | Lair:2   | Reached skill level 8 in Axes
 12756 | Lair:2   | Noticed Urug
 12948 | Lair:2   | Killed Urug
 13355 | Lair:2   | Reached skill level 9 in Axes
 13428 | Lair:2   | Noticed a five-headed hydra
 13616 | Lair:2   | Killed a one-headed hydra
 13617 | Lair:2   | Reached XP level 12. HP: 62/119 MP: 11/11
 13756 | Lair:2   | Noticed a death yak
 13757 | Lair:2   | Noticed a death yak
 13757 | Lair:2   | Noticed a death yak
 13797 | Lair:2   | Killed a death yak
 13809 | Lair:2   | Killed a death yak
 13840 | Lair:2   | Killed a death yak
 13911 | Lair:2   | Reached skill level 10 in Axes
 14152 | Lair:2   | Noticed a five-headed hydra
 14176 | Lair:2   | Killed a one-headed hydra
 14301 | Lair:2   | Found a staircase to the Swamp.
 14317 | Swamp:1  | Entered Level 1 of the Swamp
 14414 | Swamp:1  | Noticed a four-headed hydra
 14423 | Swamp:1  | Killed a two-headed hydra
 14537 | Swamp:1  | Noticed an eleionoma
 14593 | Swamp:1  | Killed an eleionoma
 14650 | Swamp:1  | Noticed an eleionoma
 14681 | Swamp:1  | HP: 5/122 [some deep water collision (19)]
 14684 | Swamp:1  | Slain by an eleionoma

Illustrated notes

Levels and vault maps discovered:
D:1:      dpeg_arrival_round_a, layout_rooms, serial_shops, shop
D:2:      layout_loops_corners, serial_shops, nicolae_shop_waterfront,
          shapermc_ecumenical_altar_flowoftime
D:3:      layout_basic, mainiacjoe_overflow_divided_tiny, cheibriados_altar_1
D:4:      layout_loops_cross, minmay_temple_entry_wispy, serial_shops,
          nicolae_shop_competitors_out_of_business, minmay_misc_feat_alley
D:5:      cheibrodos_fertilizer, layout_loops_corners,
          mainiacjoe_overflow_paths, nicolae_overflow_hidden_temple,
          kennysheep_generic_room_14
D:6:      layout_rooms, marbit_many_paths
D:7:      layout_basic, serial_bayou, serial_bayou_pond_d, serial_bayou_pond_a,
          serial_bayou_crossing, serial_bayou_pond_a, serial_bayou_lagoon_a
D:8:      layout_basic, special_room [special_room_orc], nzn_life_drinkers,
          uniq_psyche, uniq_joseph
D:9:      layout_basic, erik_lair_island, roderic_serpentine_path, hex_medium,
          uniq_grum
Temple:   eino_temple_scatter_basement
Lair:1:   layout_chaotic_city, eino_small_chamber_without_monster
Lair:2:   layout_cave_pods, palyth_hydra_swamp_entry, grunt_megastairs_1,
          uniq_urug, uniq_harold
Swamp:1:  layout_basic_swamp, evilmike_swamp_ruin_house_3,
          infiniplex_staircase_pool

Skill      XL: |  1  2  3  4  5  6  7  8  9 10 11 12 |
---------------+-------------------------------------+-----
Long Blades    | 2 3 4 5 6 |  6.4
Shields        | 3 4 5 6 |  6.0
Dodging        | 3 4 5 |  5.5
Fighting       | 3 4 5 6 7 8 |  8.3
Throwing       | 1 2 3 5 |  5.2
Stealth        | 1 |  1.0
Axes           | 6 9 10 | 10.9
Evocations     | 1 2 3 |  3.7
Maces & Flails | |  0.7
Polearms       | |  0.6

Action                   |  1- 3 |  4- 6 |  7- 9 | 10-12 || total
-------------------------+-------+-------+-------+-------++-------
Melee: Long sword        |   168 |   260 |   439 |    63 ||   930
       War axe           |       |       |       |   392 ||   392
       Hand axe          |       |       |       |    68 ||    68
 Fire: Hunting sling     |       |       |       |     2 ||     2
Throw: Dart              |       |     4 |    20 |    38 ||    62
       Boomerang         |       |     6 |    38 |    84 ||   128
       Throwing net      |       |       |       |     5 ||     5
       Javelin           |       |       |       |     1 ||     1
Evoke: Wand              |       |       |     6 |    18 ||    24
  Use: Scroll            |     1 |     6 |     8 |    12 ||    27
       Potion            |     1 |     1 |     2 |    15 ||    19
 Stab: Sleeping          |       |       |     1 |       ||     1
       Invisible         |       |       |     1 |       ||     1
       Distracted        |       |       |       |     1 ||     1
       Held in net/web   |       |       |       |     2 ||     2
Armor: Robe              |    59 |    71 |    69 |   105 ||   304
Dodge: Dodged            |    58 |    50 |    98 |   197 ||   403
Block: Kite shield       |   118 |   204 |   375 |   580 ||  1277
       Reflection        |     1 |     3 |    11 |     7 ||    22
       Other             |       |       |       |     2 ||     2
       Rpst.: Long sword |    16 |    13 |    35 |     3 ||    67
